 Dungeon Crawl Stone Soup version 0.28-a0-595-g9f6c0e134a (webtiles) character file.

Game seed: 16786811453514973628

1098 siradein the Sneak (level 8, -8/63 HPs)
             Began as a Grey Draconian Enchanter on Oct 5, 2021.
             Was an Initiate of Dithmenos.
             Killed from afar by an electric eel (12 damage)
             ... with a bolt of electricity
             ... on level 5 of the Dungeon.
             The game lasted 00:29:04 (6974 turns).

siradein the Sneak (Grey Draconian Enchanter)       Turns: 6974, Time: 00:29:04

Health: -8/63      AC: 15    Str: 10    XL:     8   Next: 10%
Magic:  13/13      EV: 13    Int: 17    God:    Dithmenos [......]
Gold:   224        SH:  0    Dex: 13    Spells: 3/14 levels left

rFire   . . .      SeeInvis .   z - +1 short sword (venom)
rCold   . . .      Faith    .   (no shield)
rNeg    . . .      Spirit   .   (armour unavailable)
rPois   .          Reflect  .   t - +2 hat
rElec   .          Harm     .   (no cloak)
rCorr   .          Rampage  .   c - +0 pair of gloves
Will    .....                   B - +0 pair of boots
Stlth   +++.......              (no amulet)
HPRegen 0.20/turn               (no ring)
MPRegen 0.13/turn               (no ring)

@: no status effects
A: AC +11, amphibious, unfitting armour, cold-blooded
a: Renounce Religion


You were on level 5 of the Dungeon.
You worshipped Dithmenos.
Dithmenos was noncommittal.
You visited 2 branches of the dungeon, and saw 6 of its levels.
You also visited: Ossuary.

You collected 224 gold pieces.

Inventory:

Hand Weapons
 a - a +2 dagger of electrocution
 n - a +2 dagger of flaming
 o - a +0 hunting sling
 z - a +1 short sword of venom (weapon)
Missiles
 d - 60 stones (quivered)
 j - 4 atropa-tipped darts
 r - a boomerang
Armour
 c - a +0 pair of gloves (worn)
 t - a +2 hat (worn)
 B - a +0 pair of boots (worn)
Magical Staves
 f - a staff of air
 h - a staff of poison
 E - a staff of conjuration
Scrolls
 e - a scroll of teleportation
 l - a scroll of fear {unknown}
 m - a scroll of acquirement {unknown}
 p - a scroll of noise {unknown}
 q - a scroll of magic mapping {unknown}
 s - a scroll of summoning {unknown}
 y - 2 scrolls of blinking
 C - a scroll of immolation {unknown}
 D - a scroll of identify
Potions
 b - a potion of invisibility
 g - a potion of curing {unknown}
 i - a potion of attraction {unknown}
 k - 2 potions of ambrosia
 u - 2 potions of flight {unknown}
 v - a potion of berserk rage {unknown}
 w - a potion of haste {unknown}
 x - 2 potions of magic {unknown}
 A - 2 potions of degeneration {unknown}


   Skills:
 + Level 3.5 Fighting
 + Level 3.4 Short Blades
 + Level 2.9 Throwing
 + Level 3.5 Dodging
 + Level 4.4 Stealth
 + Level 3.6 Spellcasting
 + Level 4.1 Hexes
 + Level 1.3 Invocations
 + Level 1.2 Evocations


You had 3 spell levels left.
You knew the following spells:

 Your Spells              Type           Power      Damage    Failure   Level
a - Ensorcelled Hibernat  Hex/Ice        20%        N/A       11%         2
b - Confusing Touch       Hex            17%        N/A       9%          3
c - Tukima's Dance        Hex            17%        N/A       9%          3
d - Dazzling Flash        Conj/Hex       20%        N/A       22%         3

Your spell library contained the following spells:

 Spells                   Type           Power      Damage    Failure   Level
 Foxfire                  Conj/Fire      12%        2x1d4     17%         1
 Inner Flame              Hex/Fire       10%        N/A       22%         3
 Conjure Flame            Conj/Fire      3%         6-21      45%         3
 Flame Wave               Conj/Fire      3%         3d3       86%         4


Dungeon Overview and Level Annotations

Branches:
Dungeon (5/15)             Temple (1/1) D:4         Ossuary (visited)

Altars:
Ashenzari
Cheibriados
Dithmenos
Elyvilon
Fedhas
Gozag
Hepliaklqana
Kikubaaqudgha
Makhleb
Nemelex Xobeh
Okawaru
Qazlal
Ru
Sif Muna
Trog
Uskayaw
Vehumet
Wu Jian
Xom
Yredelemnul
Zin
The Shining One


Innate Abilities, Weirdness & Mutations

Your dull iron-grey scales are very hard. (AC +11)
You are amphibious.
You cannot fit into any form of body armour.
You are cold-blooded and may be slowed by cold attacks.


Message History

There are monsters nearby!
There is an open door here.
The electric eel shoots out a bolt of lightning at you!
The bolt of electricity hits you!
Your +2 dagger of electrocution stops crackling.
Your +1 short sword of venom begins to drip with poison!
z - a +1 short sword of venom (weapon)
The electric eel shoots out a bolt of lightning at you!
The bolt of electricity hits the electric eel.
The electric eel completely resists.
The bolt of electricity hits you!
The electric eel shoots out a bolt of lightning at you!
The bolt of electricity hits the plant!
The plant begins to die.
The bolt of electricity hits you!
The bolt of electricity hits the plant.
The plant begins to die.
The bolt of electricity hits the plant!
You are too injured to fight recklessly!
You are too injured to fight recklessly!
You are too injured to fight recklessly!
You closely miss the electric eel.
The electric eel shoots out a bolt of lightning at you!
The bolt of electricity hits the plant!
The bolt of electricity misses you.
The electric eel shoots out a bolt of lightning at you!
The bolt of electricity hits you.
The electric eel shoots out a bolt of lightning at you!
The bolt of electricity hits the electric eel.
The electric eel completely resists.
The bolt of electricity hits you!
* * * LOW HITPOINT WARNING * * *
The electric eel shoots out a bolt of lightning at you!
The bolt of electricity hits the plant!
The plant begins to die.
The bolt of electricity misses you.
The electric eel shoots out a bolt of lightning at you!
The bolt of electricity hits you.
* * * LOW HITPOINT WARNING * * *
The electric eel shoots out a bolt of lightning at you!
The bolt of electricity hits the electric eel.
The electric eel completely resists.
The bolt of electricity misses you.
A nearby plant withers and dies.
The electric eel shoots out a bolt of lightning at you!
The bolt of electricity hits the plant! x2; The plant begins to die.
The bolt of electricity hits you!
You die...

........# ##≈≈..'..#
#.#
....########≈#####.##
#.#
....###)..≈≈##≈≈≈###
#.#
....##.######≈S$≈≈#
#.# ..
#≈##SSS##?S$S.# #.#
#≈#≈≈[≈≈#$.≈P.# #.#
#≈#.[≈.[#P..P≈# #.#
#≈#.P.P≈#.....# #.#
#≈#≈≈..P#...@.#####.#
#.#.....##..'###....#
#.# #####..#.####
#.## +##≈≈..)##.#
##≈####..≈######.#
##≈≈≈..### #.#
####### #.# #.# #.#


You could see 3 electric eels.

Vanquished Creatures
  An ice beast (D:5)
  2 necrophages
  A centaur (D:5)
  2 scorpions (D:4)
  A jelly (D:5)
  A bullfrog zombie (D:5)
  3 human zombies (Ossuary)
  2 orc priests (D:4)
  An orc wizard (D:4)
  A hound skeleton (D:4)
  3 mummies
  A gnoll (D:5)
  A howler monkey skeleton (D:4)
  8 adders
  A white imp (D:5)
  3 adder zombies (Ossuary)
  2 adder skeletons (D:4)
  2 worms
  A dart slug (D:2)
  15 orcs
  9 ball pythons
  2 bats
  8 endoplasms
  7 giant cockroaches
  9 hobgoblins
  2 jackals (D:3)
  3 quokkas
  7 frilled lizards
  8 goblins
  3 goblin zombies
  15 hobgoblin zombies (Ossuary)
  2 jackal zombies (Ossuary)
  7 kobolds
  5 kobold zombies (Ossuary)
  6 orc zombies (Ossuary)
  A rat (D:2)
  A rat zombie (Ossuary)
147 creatures vanquished.

Vanquished Creatures (collateral kills)
  An ogre (D:3)
1 creature vanquished.

Vanquished Creatures (others)
  5 plants
5 creatures vanquished.

Grand Total: 153 creatures vanquished

Notes
Turn   | Place    | Note
-------+----------+-------------------------------------------
     0 | D:1      | siradein the Draconian Enchanter began the quest for the
                  | Orb.
     0 | D:1      | Reached XP level 1. HP: 14/14 MP: 3/3
   449 | D:1      | Reached XP level 2. HP: 20/20 MP: 5/5
   452 | D:1      | Learned a level 2 spell: Ensorcelled Hibernation
   537 | D:1      | Found a faded altar of an unknown god.
  1457 | D:2      | Reached XP level 3. HP: 13/27 MP: 6/6
  2636 | D:3      | Reached XP level 4. HP: 33/34 MP: 7/7
  2659 | D:2      | Learned a level 3 spell: Confusing Touch
  2818 | D:3      | Reached skill level 1 in Fighting
  2838 | D:3      | Reached skill level 1 in Throwing
  2931 | D:3      | Noticed an ogre
  4140 | D:4      | Noticed a necrophage
  4183 | D:4      | Learned a level 3 spell: Tukima's Dance
  4194 | D:4      | Killed a necrophage
  4195 | D:4      | Reached XP level 5. HP: 40/41 MP: 7/9
  4426 | D:4      | Reached XP level 6. HP: 48/48 MP: 10/10
  4509 | D:4      | Found a sand-covered staircase.
  4514 | Ossuary  | Entered an ossuary
  5207 | D:4      | Your scales start taking on a dull iron-grey colour.
  5207 | D:4      | Reached XP level 7. HP: 39/56 MP: 11/11
  5328 | D:4      | Found a staircase to the Ecumenical Temple.
  5346 | Temple   | Entered the Ecumenical Temple
  5712 | Temple   | Became a worshipper of Dithmenos the Shadowed
  6042 | D:5      | Entered Level 5 of the Dungeon
  6204 | D:5      | Found a bloodstained altar of Trog.
  6225 | D:5      | Learned a level 3 spell: Dazzling Flash
  6234 | D:5      | Found a basalt altar of Yredelemnul.
  6720 | D:5      | Reached skill level 1 in Evocations
  6931 | D:5      | Reached skill level 1 in Invocations
  6931 | D:5      | Reached XP level 8. HP: 63/63 MP: 13/13
  6974 | D:5      | Killed from afar by an electric eel

Illustrated notes

Levels and vault maps discovered:
D:1:      matt_arrival_spirals, layout_loops_cross,
          chequers_ecumenical_altar_island, serial_bayou_lagoon_a,
          minmay_pentomino_v2
D:2:      layout_rooms, minmay_lizard_pond
D:3:      layout_basic, hex_intersection, minmay_misc_feat_secret_circle
D:4:      layout_gridville, minmay_temple_entry_proselytizer,
          nicolae_ossuary_entry_giza, grunt_decor_arrowhead
D:5:      cheibrodos_two_vegetables, layout_basic,
          mainiacjoe_overflow_large_starburst, kennysheep_path_1,
          minmay_hedge_maze, kennysheep_generic_room_8
Temple:   regret_index_temple_chain_breaker

Skill      XL: |  1  2  3  4  5  6  7 |
---------------+----------------------+-----
Dodging        | 2 3 |  3.5
Stealth        | 3 4 |  4.4
Hexes          | 3 4 |  4.1
Fighting       | 1 2 3 |  3.5
Throwing       | 1 2 |  2.9
Short Blades   | 2 3 |  3.4
Spellcasting   | 3 |  3.6
Evocations     | 1 |  1.2
Invocations    | 1 |  1.3

Action                   |  1- 3 |  4- 6 |  7- 9 || total
-------------------------+-------+-------+-------++-------
Melee: Dagger            |   180 |   323 |    88 ||   591
       Tailslap          |    22 |    32 |    17 ||    71
       Short sword       |       |       |    23 ||    23
Throw: Stone             |     9 |       |     1 ||    10
 Cast: Tukima's Dance    |       |       |     2 ||     2
  Use: Scroll            |       |     3 |       ||     3
 Stab: Sleeping          |     3 |    11 |     3 ||    17
Armor: Skin              |    48 |   125 |    39 ||   212
Dodge: Dodged            |   110 |   190 |    58 ||   358

Table legend: (Time is in decaauts)
 A = Elapsed time spent in this place.
 B = Non-inter-level travel time spent in this place.
 C = Inter-level travel time spent in this place.
 D = Time resting spent in this place.
 E = Time spent auto-exploring this place.
 F = Levels seen in this place.
 G = Mean time per level.
                   A        B        C        D        E       F      G
               +--------+--------+--------+--------+--------+-----+--------+
         Total |   6928 |   6836 |     92 |   1058 |   3988 |   7 |  989.7 |
       Dungeon |   5985 |   5907 |     78 |   1026 |   3407 |   5 | 1197.0 |
        Temple |    381 |    367 |     14 |      0 |    333 |   1 |  381.0 |
       Ossuary |    561 |    561 |      0 |     32 |    248 |   1 |  561.0 |
               +--------+--------+--------+--------+--------+-----+--------+

Top non-repeatable levels by time:
     D:1: 1546 daAuts
     D:3: 1461 daAuts
     D:2: 1157 daAuts
     D:5: 921 daAuts
     D:4: 898 daAuts
 Ossuary: 561 daAuts
  Temple: 381 daAuts
